 Dungeon Crawl Stone Soup version 0.21.1-1-g345015fe64 (webtiles) character file.

143 Dosinius the Sneak (level 5, -9/36 HPs)
             Began as an Octopode Assassin on June 16, 2018.
             Killed by nerve-wracking pain
             ... invoked by Grinder
              (13 damage)
             ... on level 3 of the Dungeon.
             The game lasted 00:30:29 (2854 turns).

Dosinius the Sneak (Octopode Assassin)              Turns: 2854, Time: 00:30:29

Health: -9/36      AC:  1    Str: 10    XL:     5   Next: 25%
Magic:  5/5        EV: 18    Int: 13    God:
Gold:   119        SH:  0    Dex: 15    Spells: 4/4 levels left

rFire    . . .     SeeInvis .   a - +2 dagger
rCold    . . .     Gourm    .   (no shield)
rNeg     . . .     Faith    .   (helmet restricted)
rPois    +         Spirit   .   (no amulet)
rElec    .         Reflect  .   h - ring of flight
rCorr    .         Harm     .   k - ring of poison resistance
MR       .....                  v - +4 ring of evasion
Stlth    +++++.....             (no ring)
HPRegen  0.12/turn              (no ring)
MPRegen  0.09/turn              (no ring)
                                (no ring)
                                (no ring)

@: no status effects
A: almost no armour, stealthy swim, amphibious, 8 rings, constrict 8, camouflage
1, gelatinous body 1
a: Evoke Flight


You were on level 3 of the Dungeon.
You were not hungry.

You visited 1 branch of the dungeon, and saw 3 of its levels.

You collected 119 gold pieces.

Inventory:

Hand Weapons
 a - a +2 dagger (weapon)
 b - a +0 blowgun
 p - a +0 hand crossbow
Missiles
 c - 13 poisoned needles (quivered)
 d - 5 curare-tipped needles
 o - 35 stones
Jewellery
 e - an uncursed amulet of faith {unknown}
 h - a ring of flight (left tentacle)
 k - a ring of poison resistance (right tentacle)
 v - a +4 ring of evasion (on tentacle)
Scrolls
 i - a scroll of remove curse
 j - a scroll of fog {unknown}
 l - a scroll of fear {unknown}
 m - a scroll of identify {unknown}
 n - a scroll of amnesia {unknown}
 s - a scroll of magic mapping {unknown}
 u - a scroll of teleportation {unknown}
 w - a scroll of enchant weapon {unknown}
Potions
 t - a potion of curing {unknown}
Comestibles
 f - 2 rations
 g - 2 chunks of flesh


   Skills:
 + Level 2.9 Fighting
 + Level 2.9 Short Blades
 - Level 2.0 Throwing
 + Level 2.2 Dodging
 * Level 7.0 Stealth


You had 4 spell levels left.
You didn't know any spells.

Dungeon Overview and Level Annotations

Branches:
Dungeon (3/15)

Altars:
Wu Jian

Annotations:
D:3 Grinder


Innate Abilities, Weirdness & Mutations

You cannot wear most types of armour.
You are very stealthy in the water. (Stealth+)
You are amphibious.
You can wear up to eight rings at the same time.
You can use your tentacles to constrict eight enemies at once.
Your skin changes colour to match your surroundings (Stealth+).
Your rubbery body absorbs attacks. (AC +1, EV +1)


Message History

You toss away a poisoned needle.
The poisoned needle hits Grinder.
Grinder gestures at you.
You suddenly lose the ability to move!
Grinder blinks!
Grinder hits you.
You writhe in agony.
Grinder hits you!
You can move again.
You hit Grinder. Your grab misses Grinder.
Grinder is lightly wounded.
Grinder hits you!
* * * LOW HITPOINT WARNING * * *
You writhe in agony.
* * * LOW HITPOINT WARNING * * *
Press: ? - help, v - describe, . - travel
Here: Grinder (lightly wounded)
The floor.
Okay, then.
Grinder gestures at you. Pain shoots through your body!
You die...

## ###....###....##.#.......#
.#####.........##..#...###...#
....##.####.)..###.#...# ##..##
.......#.[...<.# #.....#
#..≈### .....##.......##
###..## #.#≈≈≈≈
##.#.#..####..#####...# #..###.
.. #.#..##............##
##..#.. .
#...###.#####.#.##..### ##....
......##
#.###5.@..###...####....
..#...#
##.#.(.##..###.#......#.. .
#..####....##.........##....#..
#..###....###.........##....# .
#.......[.###.........#.†...# .
#.5.###.5.................(.#
#.# #............########...#
....#........### #...#
#####...#...## #####


You could see Grinder.

Vanquished Creatures
  Ijyb (D:3)
  6 adders
  3 oozes (D:1)
  2 dart slugs
  A worm (D:2)
  3 orcs (D:3)
  2 ball pythons
  5 bats
  5 giant cockroaches
  3 goblins
  4 hobgoblins
  5 kobolds
  2 frilled lizards (D:2)
  7 rats
49 creatures vanquished.

Notes
Turn   | Place    | Note
-------+----------+-------------------------------------------
     0 | D:1      | Dosinius the Octopode Assassin began the quest for the Orb.
     0 | D:1      | Reached XP level 1. HP: 14/14 MP: 1/1
    70 | D:1      | Reached XP level 2. HP: 3/19 MP: 2/2
   650 | D:1      | Reached XP level 3. HP: 24/24 MP: 3/3
   736 | D:1      | Reached skill level 6 in Stealth
  1625 | D:2      | Reached XP level 4. HP: 25/30 MP: 4/4
  2085 | D:2      | Found an ornate altar of the Wu Jian Council.
  2731 | D:3      | Reached XP level 5. HP: 30/36 MP: 5/5
  2784 | D:3      | Noticed Ijyb
  2787 | D:3      | Noticed Grinder
  2819 | D:3      | Killed Ijyb
  2819 | D:3      | Reached skill level 7 in Stealth
  2846 | D:3      | Paralysed by Grinder for 7 turns
  2854 | D:3      | Killed from afar by Grinder

Skill      XL: |  1  2  3  4  5 |
---------------+----------------+-----
Stealth        | 6 7 |  7.0
Dodging        | 2 |  2.2
Fighting       | |  2.9
Short Blades   | |  2.9
Throwing       | |  2.0

Action                   |  1- 3 |  4- 6 || total
-------------------------+-------+-------++-------
Melee: Dagger            |    43 |    64 ||   107
       Constrict         |     9 |    10 ||    19
       Tentacles         |     3 |     9 ||    12
  Use: Scroll            |     1 |       ||     1
       Potion            |       |     3 ||     3
 Stab: Sleeping          |    18 |     5 ||    23
  Eat: Chunk             |     2 |     2 ||     4
       Ration            |       |     1 ||     1
Armor: Skin              |     1 |     9 ||    10
Dodge: Dodged            |     9 |    29 ||    38
